 Dungeon Crawl Stone Soup version 0.27-a0-1149-g4505690ab0 (webtiles) character file.

Game seed: 18341175656455361194

144 leviel the Chopper (level 5, -6/45 HPs)
             Began as a Minotaur Monk on May 13, 2021.
             Killed from afar by Blork the orc (9 damage)
             ... with a magic dart
             ... on level 4 of the Dungeon.
             The game lasted 00:01:37 (1956 turns).

leviel the Chopper (Minotaur Monk)                  Turns: 1956, Time: 00:01:38

Health: -6/45      AC:  3    Str: 16    XL:     5   Next: 5%
Magic:  4/4        EV: 13    Int:  7    God:
Gold:   55         SH:  0    Dex: 13    Spells: 4/4 levels left

rFire    . . .     SeeInvis .   a - +0 hand axe
rCold    . . .     Faith    .   (no shield)
rNeg     . . .     Spirit   .   b - +0 robe
rPois    .         Reflect  .   (helmet restricted)
rElec    .         Harm     .   (no cloak)
rCorr    .         Rampage  .   g - +0 pair of gloves
Will     .....                  (no boots)
Stlth    ++........             (no amulet)
HPRegen  0.15/turn              (no ring)
MPRegen  0.09/turn              (no ring)

@: no status effects
A: horns 2, retaliatory headbutt
a: no special abilities


You were on level 4 of the Dungeon.
You visited 1 branch of the dungeon, and saw 3 of its levels.

You collected 55 gold pieces.

Inventory:

Hand Weapons
 a - a +0 hand axe (weapon)
Armour
 b - a +0 robe (worn)
 g - a +0 pair of gloves (worn)
Jewellery
 d - a +4 ring of slaying
Scrolls
 c - a scroll of enchant weapon {unknown}
 f - a scroll of amnesia {unknown}
 h - a scroll of identify {unknown}
 i - a scroll of teleportation {unknown}
 j - 2 scrolls of immolation {unknown}


   Skills:
 - Level 3.6 Fighting
 + Level 5.5 Axes
 - Level 3.2 Dodging
 + Level 3.5 Stealth


You had 4 spell levels left.
You didn't know any spells.
Your spell library was empty.

Dungeon Overview and Level Annotations

Branches:
Dungeon (2/15)

Altars:
Makhleb

Annotations:
D:4 Blork the orc


Innate Abilities, Weirdness & Mutations

You have a pair of horns on your head.
You reflexively headbutt those who attack you in melee.


Message History

The iron imp misses you. The iron imp closely misses you.
You barely miss the iron imp.
The iron imp is heavily wounded.
You hit the iron imp. x2; The iron imp hits you!
The iron imp barely misses you.
Blork the orc comes into view.
He is wielding a +1 vorpal hand axe.
The iron imp hits you.
You are too injured to fight recklessly!
You are too injured to fight recklessly!
Unknown command.
You are too injured to fight recklessly!
You are too injured to fight recklessly!
You are too injured to fight recklessly!
You hit the iron imp but do no damage.
The iron imp is heavily wounded.
You hit the iron imp but do no damage. You hit the iron imp.
You hit the iron imp but do no damage. Your headbutt misses the iron imp.
The iron imp is heavily wounded.
You hit the iron imp but do no damage. x2; The iron imp closely misses you.
You furiously retaliate!
You headbutt the iron imp. The iron imp closely misses you.
The iron imp hits you.
You hit the iron imp but do no damage.
The iron imp is heavily wounded.
You hit the iron imp. You hit the iron imp but do no damage.
The iron imp hits you!
* * * LOW HITPOINT WARNING * * *
The iron imp barely misses you. You furiously retaliate!
You headbutt the iron imp, but do no damage.
The iron imp closely misses you.
You hit the iron imp.
The iron imp is heavily wounded.
You hit the iron imp. You barely miss the iron imp.
The iron imp barely misses you. The iron imp hits you!
* * * LOW HITPOINT WARNING * * *
The iron imp misses you.
Unknown command.
Blork the orc miscasts a cantrip.
A giant cockroach comes into view.
Blork the orc points at you and mumbles some strange words.
The magic dart hits you!
You die...

##########
#......B..
#@§≈≈o....
#5≈≈≈≈....
#55..≈≈...
#.....≈≈..
#.....≈≈§.
#.._...8§.
#.....§≈..
#.....§≈..
#....≈§...


You could see Blork the orc, 3 iron imps and a giant cockroach (wandering).

Vanquished Creatures
  A scorpion (D:2)
  A hound (D:2)
  2 adders (D:2)
  3 worms (D:2)
  4 ball pythons
  An endoplasm (D:1)
  4 goblins
  6 jackals
  5 bats
  4 frilled lizards (D:1)
  2 kobolds (D:2)
  3 rats
36 creatures vanquished.

Notes
Turn   | Place    | Note
-------+----------+-------------------------------------------
     0 | D:1      | leviel the Minotaur Monk began the quest for the Orb.
     0 | D:1      | Reached XP level 1. HP: 19/19 MP: 0/0
   231 | D:1      | Reached skill level 4 in Axes
   254 | D:1      | Reached XP level 2. HP: 15/26 MP: 1/1
  1080 | D:2      | Noticed a scorpion
  1086 | D:2      | Killed a scorpion
  1087 | D:2      | Reached skill level 5 in Axes
  1087 | D:2      | Reached XP level 3. HP: 14/31 MP: 2/2
  1087 | D:2      | Reached XP level 4. HP: 18/39 MP: 3/3
  1725 | D:2      | Reached XP level 5. HP: 27/45 MP: 4/4
  1943 | D:2      | You fall into a shaft and drop 2 floors!
  1943 | D:4      | Found a burning altar of Makhleb.
  1948 | D:4      | Noticed Blork the orc
  1952 | D:4      | HP: 2/45 [iron imp (9)]
  1956 | D:4      | Killed from afar by Blork the orc

Illustrated notes

Levels and vault maps discovered:
D:1:      roderic_dead_forest, layout_rooms, corner_web_ring
D:2:      layout_loops_ring, grunt_decor_fettered, mrwooster_statue_mirror
D:4:      layout_basic, demons_altar, jmf_multi_god_temple, serial_shops, shop,
          minmay_misc_feat_room, uniq_blork_the_orc

Skill      XL: |  1  2 |
---------------+-------+-----
Axes           | 4 5 |  5.5
Stealth        | 2 3 |  3.5
Fighting       | |  3.6
Dodging        | |  3.2

Action                   |  1- 3 |  4- 6 || total
-------------------------+-------+-------++-------
Melee: Hand axe          |    60 |    41 ||   101
       Headbutt          |     8 |     4 ||    12
  Use: Potion            |     1 |       ||     1
 Stab: Sleeping          |     5 |       ||     5
Armor: Robe              |    14 |     7 ||    21
Dodge: Dodged            |    36 |    30 ||    66

Table legend: (Time is in decaauts)
 A = Elapsed time spent in this place.
 B = Non-inter-level travel time spent in this place.
 C = Inter-level travel time spent in this place.
 D = Time resting spent in this place.
 E = Time spent auto-exploring this place.
 F = Levels seen in this place.
 G = Mean time per level.
                   A        B        C        D        E       F      G
               +--------+--------+--------+--------+--------+-----+--------+
         Total |   1962 |   1956 |      6 |    382 |   1331 |   3 |  654.0 |
       Dungeon |   1962 |   1956 |      6 |    382 |   1331 |   3 |  654.0 |
               +--------+--------+--------+--------+--------+-----+--------+

Top non-repeatable levels by time:
     D:2: 1215 daAuts
     D:1: 734 daAuts
     D:4: 12 daAuts
